 Dungeon Crawl Stone Soup version 0.26-a0-812-g31a745ddcd (webtiles) character file.

Game seed: 3251641783389232062

7921 Lugonue the Carver (level 10, -2/69 HPs)
             Began as a Demigod Venom Mage on Dec 3, 2020.
             Slain by a seven-headed hydra (6 damage)
             ... while petrified by a basilisk
             ... on level 1 of the Lair of Beasts.
             The game lasted 00:14:04 (8781 turns).

Lugonue the Carver (Demigod Venom Mage)             Turns: 8781, Time: 00:14:05

Health: -2/69      AC: 10    Str: 20    XL:     10   Next: 73%
Magic:  15/21      EV:  2    Int: 21    God:
Gold:   564        SH:  0    Dex: 16    Spells: 9/19 levels left

rFire    . . .     SeeInvis .   w - +5 long sword "Yfrygal" {flame, +Blink Str+5}
rCold    . . .     Faith    .   (no shield)
rNeg     + + +     Spirit   .   y - +2 ring mail {rPois}
rPois    ∞         Reflect  .   (no helmet)
rElec    .         Harm     .   f - +1 cloak
rCorr    .         Rampage  .   (no gloves)
MR       +....     Clarity  +   (no boots)
Stlth    ++........             m - amulet of regeneration
HPRegen  0.61/turn              o - +4 ring of evasion
MPRegen  0.17/turn              (no ring)

@: about to teleport, petrified
A: clarity, high mp 1
a: Evoke Blink


You were on level 1 of the Lair of Beasts.
You visited 2 branches of the dungeon, and saw 10 of its levels.

You collected 564 gold pieces.

Inventory:

Hand Weapons
 l - a +0 spear
 s - a +0 long sword
 w - the +5 long sword "Yfrygal" (weapon) {flame, +Blink Str+5}
   (You found it on level 5 of the Dungeon)

   It has been specially enchanted to burn those struck by it, causing extra
   injury to most foes and up to half again as much damage against particularly
   susceptible opponents.
   Big, fiery blades are also staple armaments of hydra-hunters.
   It affects your strength (+5).
   It lets you blink.
Armour
 f - a +1 cloak (worn)
 y - a +2 ring mail of poison resistance (worn)
Jewellery
 m - an amulet of regeneration (around neck)
 o - a +4 ring of evasion (left hand)
 t - an uncursed ring of fire {unknown}
 C - a cursed ring of teleportation
Wands
 p - a wand of disintegration (12)
 D - a wand of flame (17)
 E - a wand of random effects (12)
Scrolls
 a - a scroll of enchant armour
 b - 4 scrolls of fear
 c - 2 scrolls of amnesia
 e - a scroll of fog
 g - 2 scrolls of remove curse
 k - 3 scrolls of teleportation
 n - a scroll of blinking
 q - 2 scrolls of identify
Potions
 d - 4 potions of curing
 h - a potion of resistance
 i - a potion of might
 j - 2 potions of invisibility {unknown}
 r - a potion of flight {unknown}
 x - 2 potions of heal wounds
 z - 2 potions of ambrosia
 A - a potion of berserk rage


   Skills:
 * Level 10.5 Long Blades
 - Level 1.3 Polearms
 * Level 5.7 Armour
 + Level 4.0 Dodging
 + Level 3.3 Stealth
 + Level 5.2 Spellcasting
 + Level 2.5 Transmutations
 + Level 1.2 Fire Magic
 + Level 2.4 Air Magic
 + Level 5.8 Poison Magic


You had 9 spell levels left.
You knew the following spells:

 Your Spells              Type           Power        Failure   Level
a - Sting                 Tmut/Pois      ###.         3%          1
b - Poisonous Vapours     Pois/Air       ###...       4%          2
c - Olgreb's Toxic Radia  Pois           ####....     16%         4
d - Ignite Poison         Fire/Tmut/Pois ###.....     14%         3

Your spell library contained the following spells:

 Spells                   Type           Power        Failure   Level
 Mephitic Cloud           Conj/Pois/Air  ###.....     16%         3
 Conjure Flame            Conj/Fire      #.......     38%         3
 Freezing Cloud           Conj/Ice/Air   #.........   100%        6


Dungeon Overview and Level Annotations

Branches:
Dungeon (9/15)             Temple (0/1) D:7            Lair (1/6) D:9
    Orc: D:9-12

Shops:
D:5 }


Innate Abilities, Weirdness & Mutations

You have an increased reservoir of magic. (+10% MP)
You possess an exceptional clarity of mind.


Message History

The seven-headed hydra bites you!
The seven-headed hydra bites you but does no damage.
The seven-headed hydra bites you. x2
The seven-headed hydra bites you but does no damage.
The basilisk bites you! The seven-headed hydra bites you.
The seven-headed hydra bites you but does no damage.
The seven-headed hydra bites you! x2
The seven-headed hydra bites you but does no damage.
The seven-headed hydra bites you!
* * * LOW HITPOINT WARNING * * *
The seven-headed hydra bites you!
* * * LOW HITPOINT WARNING * * *
The basilisk bites you!
* * * LOW HITPOINT WARNING * * *
The seven-headed hydra bites you but does no damage.
The seven-headed hydra bites you!
* * * LOW HITPOINT WARNING * * *
The seven-headed hydra bites you!
You die...

...........#....#...#### ..
.........###...##....#.#...
P...####..†................
##### #..⌠.....⌠..>..⌠....
#...................
####..........#....
##....####.# #.. ##...D# .#
##.l@# #. ..........⌠....
.....##.......# .####
#.#.>.### #######


You could see a seven-headed hydra and a basilisk.

Vanquished Creatures
  2 two-headed ogres
  Pikel (D:8)
  3 komodo dragons
  9 yaks (D:9)
  An acid dragon (D:9)
  2 water moccasins (Lair:1)
  3 ice beasts
  3 orc warriors
  A sky beast (D:9)
  4 black bears (D:9)
  A phantom (D:5)
  An eye of draining (D:9)
  2 ogres (D:9)
  4 centaurs
  9 bullfrogs
  A big kobold (D:9)
  A wyvern zombie (D:7)
  4 scorpions
  3 wights (D:8)
  2 howler monkeys
  3 bullfrog skeletons
  3 orc wizards (D:9)
  4 orc priests
  A centaur skeleton (D:7)
  4 jellies
  3 iguanas
  Ijyb (D:3)
  7 worker ants
  A hound skeleton (D:8)
  A worker ant zombie (D:7)
  12 gnolls
  12 adders
  2 shadow imps
  2 white imps (D:6)
  2 ufetubi (D:5)
  An ooze (D:6)
  2 worms
  7 leopard geckos
  23 orcs
  3 giant cockroaches
  6 hobgoblins
  5 jackals
  4 quokkas
  2 ball pythons
  4 bats
  8 goblins
  A jackal skeleton (D:6)
  10 kobolds
  A leopard gecko skeleton (D:9)
  5 rats
197 creatures vanquished.

Vanquished Creatures (others)
  31 fungi
  33 plants
64 creatures vanquished.

Grand Total: 261 creatures vanquished

Notes
Turn   | Place    | Note
-------+----------+-------------------------------------------
     0 | D:1      | Lugonue the Demigod Venom Mage began the quest for the Orb.
     0 | D:1      | Reached XP level 1. HP: 14/14 MP: 5/5
   452 | D:1      | You fall into a shaft and drop 1 floor!
   463 | D:2      | Reached skill level 1 in Transmutations
   562 | D:2      | Reached XP level 2. HP: 7/20 MP: 0/7
  1142 | D:1      | Learned a level 2 spell: Poisonous Vapours
  1187 | D:2      | Reached XP level 3. HP: 26/26 MP: 6/9
  1828 | D:2      | Found a stormy altar of Qazlal.
  2419 | D:3      | Reached XP level 4. HP: 33/33 MP: 1/10
  2595 | D:2      | Learned a level 4 spell: Olgreb's Toxic Radiance
  2697 | D:3      | Found a blossoming altar of Fedhas.
  2709 | D:3      | Noticed Ijyb
  2766 | D:3      | Killed Ijyb
  2766 | D:3      | Reached XP level 5. HP: 35/38 MP: 5/12
  3099 | D:3      | Noticed an orc warrior
  3120 | D:3      | Killed an orc warrior
  3120 | D:3      | Reached skill level 1 in Polearms
  3120 | D:3      | Reached skill level 1 in Air Magic
  3667 | D:4      | Reached XP level 6. HP: 25/45 MP: 6/14
  3793 | D:4      | Reached skill level 1 in Long Blades
  3955 | D:4      | You fall into a shaft and drop 2 floors!
  4006 | D:6      | Gained mutation: You possess an exceptional clarity of
                  | mind. [potion of mutation]
  4021 | D:6      | Reached skill level 2 in Long Blades
  4027 | D:6      | Reached XP level 7. HP: 34/50 MP: 15/15
  4069 | D:6      | Reached skill level 3 in Long Blades
  4069 | D:6      | Reached skill level 1 in Armour
  4291 | D:5      | Entered Level 5 of the Dungeon
  4324 | D:5      | Reached skill level 4 in Long Blades
  4408 | D:5      | Found a burning altar of Makhleb.
  4461 | D:5      | Got a translucent long sword
  4462 | D:5      | Identified the +5 long sword "Yfrygal" {flame, +Blink
                  | Str+5} (You found it on level 5 of the Dungeon)
  4679 | D:5      | Found Enevir's Gadget Emporium.
  4785 | D:5      | Reached XP level 8. HP: 37/57 MP: 17/17
  4896 | D:5      | Reached skill level 5 in Long Blades
  4986 | D:5      | Found a blossoming altar of Fedhas.
  5512 | D:6      | Found a bloodstained altar of Trog.
  5626 | D:6      | Found a sparkling altar of Nemelex Xobeh.
  5686 | D:6      | Learned a level 3 spell: Ignite Poison
  5714 | D:6      | Reached skill level 6 in Long Blades
  5768 | D:6      | Found an opulent altar of Gozag.
  6003 | D:7      | Found a white marble altar of Elyvilon.
  6324 | D:7      | Reached skill level 7 in Long Blades
  6554 | D:7      | Found a staircase to the Ecumenical Temple.
  6684 | D:8      | Found a radiant altar of Vehumet.
  6889 | D:8      | Found a radiant altar of Vehumet.
  6890 | D:8      | Noticed Pikel
  6897 | D:8      | Killed Pikel
  6897 | D:8      | Reached XP level 9. HP: 62/62 MP: 3/18
  7051 | D:8      | Reached skill level 8 in Long Blades
  7084 | D:8      | Noticed a two-headed ogre
  7090 | D:8      | Killed a two-headed ogre
  7373 | D:9      | Reached skill level 5 in Poison Magic
  7377 | D:9      | Reached skill level 9 in Long Blades
  7522 | D:9      | Reached XP level 10. HP: 69/69 MP: 16/20
  7536 | D:9      | Reached skill level 1 in Fire Magic
  7537 | D:9      | Noticed a two-headed ogre
  7546 | D:9      | Killed a two-headed ogre
  7553 | D:9      | Found a staircase to the Lair.
  7561 | D:9      | Reached skill level 5 in Armour
  7693 | D:9      | Reached skill level 5 in Spellcasting
  7700 | D:9      | Reached skill level 10 in Long Blades
  8525 | Lair:1   | Entered Level 1 of the Lair of Beasts
  8763 | Lair:1   | Noticed a seven-headed hydra
  8781 | Lair:1   | Slain by a seven-headed hydra

Illustrated notes

Levels and vault maps discovered:
D:1:      minmay_arrival_plants_in_alcoves, layout_basic, minmay_misc_feat_tiny
D:2:      layout_basic, nicolae_qazlal_general_emergency, serial_bayou_pond_a
D:3:      minmay_angry_zag, layout_rooms, minmay_statues_item,
          chequers_big_river, grunt_decor_junction, fedhas_altar_3, uniq_ijyb
D:4:      layout_gridville, lemuel_altar_in_water
D:5:      layout_basic, kennysheep_mini_moat, lemuel_crystal_altar,
          serial_shops, nicolae_shop_stone
D:6:      layout_loops_cross, grunt_gozag_statues, lemuel_round_altar,
          nemelex_xobeh_ov_fountains_minmay, minmay_starry_boxes
D:7:      layout_loops_cross, lemuel_coloured_pillars_altar,
          minmay_temple_entry_fiery
D:8:      layout_basic, nicolae_overflow_crystal_walls, basic_altar, uniq_pikel
D:9:      wad_cavern_with_rooms, layout_grid_maze, due_lair_maze_entry_diamond
Lair:1:   wander_river, layout_long_grid, beast_lair_carwin_9,
          minmay_lair_oklob_chamber, grunt_megastairs_5, lemuel_fruit_fields

Skill      XL: |  1  2  3  4  5  6  7  8  9 10 |
---------------+-------------------------------+-----
Poison Magic   | 3 4 5 |  5.8
Transmutations | 1 2 |  2.5
Spellcasting   | 2 3 4 5 |  5.2
Stealth        | 2 3 |  3.3
Dodging        | 2 3 4 |  4.0
Polearms       | 1 |  1.3
Air Magic      | 1 2 |  2.4
Long Blades    | 2 4 7 9 10 | 10.5
Armour         | 1 3 4 5 |  5.7
Fire Magic     | 1 |  1.2

Action                   |  1- 3 |  4- 6 |  7- 9 | 10-12 || total
-------------------------+-------+-------+-------+-------++-------
Melee: Unarmed           |    12 |       |       |       ||    12
       Spear             |    16 |    53 |       |       ||    69
       Long sword        |       |    56 |   226 |    95 ||   377
 Cast: Sting             |    32 |    10 |     1 |     4 ||    47
       Poisonous Vapours |    16 |    18 |    16 |     1 ||    51
       Olgreb's Toxic Ra |       |     3 |     2 |     9 ||    14
       Ignite Poison     |       |       |     3 |     2 ||     5
  Use: Potion            |       |     4 |       |     1 ||     5
       Scroll            |       |       |     3 |    18 ||    21
 Stab: Sleeping          |     1 |     2 |     2 |     2 ||     7
Armor: Robe              |     9 |     8 |       |       ||    17
       Scale mail        |       |    13 |    35 |       ||    48
       Ring mail         |       |       |    33 |    26 ||    59
Dodge: Dodged            |    29 |   105 |   193 |    74 ||   401
       Rpst.: Long sword |       |    14 |    58 |    24 ||    96

Table legend: (Time is in decaauts)
 A = Elapsed time spent in this place.
 B = Non-inter-level travel time spent in this place.
 C = Inter-level travel time spent in this place.
 D = Time resting spent in this place.
 E = Time spent auto-exploring this place.
 F = Levels seen in this place.
 G = Mean time per level.
                   A        B        C        D        E       F      G
               +--------+--------+--------+--------+--------+-----+--------+
         Total |   8833 |   8544 |    289 |    333 |   6688 |  10 |  883.3 |
       Dungeon |   8580 |   8291 |    289 |    333 |   6489 |   9 |  953.3 |
          Lair |    253 |    253 |      0 |      0 |    199 |   1 |  253.0 |
               +--------+--------+--------+--------+--------+-----+--------+

Top non-repeatable levels by time:
     D:2: 1407 daAuts
     D:3: 1263 daAuts
     D:9: 1149 daAuts
     D:5: 1130 daAuts
     D:1: 1007 daAuts
     D:6: 836 daAuts
     D:8: 761 daAuts
     D:7: 716 daAuts
     D:4: 308 daAuts
  Lair:1: 253 daAuts
